 Dungeon Crawl Stone Soup version 0.28.0-53-g5a82cb258f (webtiles) character file.

Game seed: 1382988140289403575

18 styxcanada the Sneak (level 2, -1/15 HPs)
             Began as a Spriggan Brigand on July 20, 2022.
             Frozen to death by an endoplasm (5 damage)
             ... on level 2 of the Dungeon.
             The game lasted 00:03:12 (936 turns).

styxcanada the Sneak (Spriggan Brigand)              Turns: 936, Time: 00:03:13

Health: -1/15      AC:  3    Str:  7    XL:     2   Next: 51%
Magic:  3/3        EV: 16    Int: 12    God:
Gold:   84         SH:  5    Dex: 16    Spells: 1/1 levels left

rFire   . . .      SeeInvis +   j - +4 short sword
rCold   . . .      Faith    .   (no shield)
rNeg    . . .      Spirit   .   b - +0 robe
rPois   .          Reflect  +   (helmet restricted)
rElec   .          Harm     .   c - +0 cloak
rCorr   .          Rampage  .   (gloves unavailable)
Will    .....                   (boots unavailable)
Stlth   +++.......              o - amulet of reflection
HPRegen 0.05/turn               (no ring)
MPRegen 0.08/turn               (no ring)

@: very quick
A: very small, no large weapons, unfitting armour, see invisible, speed 3
a: no special abilities


You were on level 2 of the Dungeon.
You visited 1 branch of the dungeon, and saw 2 of its levels.

You collected 84 gold pieces.

Inventory:

Hand Weapons
 a - a +2 dagger
 j - a +4 short sword (weapon)
 l - a +0 hunting sling
Missiles
 d - 8 poisoned darts (quivered)
 e - 2 curare-tipped darts
 k - 55 stones
Armour
 b - a +0 robe (worn)
 c - a +0 cloak (worn)
Jewellery
 i - a ring of fire
 o - an amulet of reflection (around neck)
Scrolls
 g - 2 scrolls of teleportation {unknown}
 h - 2 scrolls of identify {unknown}
 m - a scroll of brand weapon {unknown}
 p - a scroll of fog {unknown}
 q - a scroll of fear {unknown}
Potions
 f - a potion of haste {unknown}
 n - a potion of curing {unknown}


   Skills:
 * Level 1.7 Fighting
 + Level 2.3 Short Blades
 + Level 2.1 Throwing
 * Level 1.5 Dodging
 * Level 6.7 Stealth


You had one spell level left.
You didn't know any spells.
Your spell library was empty.

Dungeon Overview and Level Annotations

Branches:
Dungeon (2/15)

Altars:
Okawaru


Innate Abilities, Weirdness & Mutations

You are very small and have problems with some larger weapons.
You are too small for most types of armour.
You have supernaturally acute eyesight. (SInv)
You cover ground extremely quickly. (Speed+++)


Message History

You impale the endoplasm!!
You kill the endoplasm!
q - a scroll labelled DITTOEC KUPH You open the door.
A frilled lizard and an endoplasm come into view.
There is an open door here.
You closely miss the frilled lizard. The frilled lizard barely misses you.
You barely miss the frilled lizard. You block the frilled lizard's attack.
You barely miss the endoplasm. You block the frilled lizard's attack.
The endoplasm hits you.
You hit the endoplasm.
The endoplasm is moderately wounded.
The frilled lizard misses you. The endoplasm freezes you.
You are frozen.
You hit the endoplasm but do no damage.
The endoplasm is moderately wounded.
The frilled lizard bites you. You block the endoplasm's attack.
You hit the endoplasm.
The endoplasm is heavily wounded.
You block the frilled lizard's attack. The endoplasm freezes you.
You are frozen.
* * * LOW HITPOINT WARNING * * *
There is an open door here.
There are monsters nearby!
There are monsters nearby!
You closely miss the frilled lizard.
The frilled lizard bites you but does no damage.
You closely miss the frilled lizard. The frilled lizard misses you.
You hit the frilled lizard.
You kill the frilled lizard!
You barely miss the endoplasm.
The endoplasm is moderately wounded.
You block the endoplasm's attack.
You hit the endoplasm.
The endoplasm is almost dead.
The endoplasm freezes you.
You are frozen.
You die...

#....# ##.......
#....## #........
#.....# #........
#....#######........
#....#.....#........
#....#.....#........
###'##.....#........
#J##.....#.#######
#@##.....#.#
#..........#
####.............#
#.............#
#.............#
#.....###.....#
#.....# .....#
####### .....#
.....#


You could see an endoplasm.

Vanquished Creatures
  2 endoplasms (D:2)
  2 goblins (D:1)
  2 hobgoblins
  2 ball pythons (D:1)
  5 bats
  3 frilled lizards
  A kobold (D:1)
  A rat (D:2)
18 creatures vanquished.

Vanquished Creatures (others)
  4 toadstools (D:1)
4 creatures vanquished.

Grand Total: 22 creatures vanquished

Notes
Turn   | Place    | Note
-------+----------+-------------------------------------------
     0 | D:1      | styxcanada the Spriggan Brigand began the quest for the
                  | Orb.
     0 | D:1      | Reached XP level 1. HP: 10/10 MP: 2/2
   100 | D:1      | Reached skill level 6 in Stealth
   159 | D:1      | Reached XP level 2. HP: 14/14 MP: 3/3
   748 | D:2      | Found a faded altar of an unknown god.
   773 | D:2      | Found an iron altar of Okawaru.
   936 | D:2      | Frozen to death by an endoplasm

Illustrated notes

Levels and vault maps discovered:
D:1:      ldierk_walled_garden_2, layout_basic
D:2:      layout_basic, basic_altar, serial_shops,
          nicolae_shop_overgrown_old_shop,
          hellmonk_ecumenical_altar_pennies_from_heaven

Skill      XL: |  1 |
---------------+----+-----
Stealth        | 6 |  6.7
Fighting       | |  1.7
Short Blades   | |  2.3
Throwing       | |  2.1
Dodging        | |  1.5

Action                   || total
-------------------------++-------
Melee: Dagger            ||     8
       Short sword       ||    25
 Stab: Sleeping          ||    10
Armor: Robe              ||     3
Dodge: Dodged            ||    13
Block: Other             ||     5
